Map: Fields of Death

Players

Gienek

  • Race: Protoss Protoss

krzycho

  • Race: Terran Terran

Blubbel - Winner!

  • Race: Terran Terran
  • League: Silver

zod - Winner!

  • Race: Terran Terran
  • League: Silver

VOD

Have the link to the VOD?

Description

Time

  • Played on: Jan. 5, 2016, 12:38 p.m.
  • Length: 20:34
Show
View Real Time Build Order
Export as new Build Order

Gienek Protoss 

Build Orders:  

Get SALT Encoding   

  12  0:01  Probe (Chrono Boost)  
  13  0:11  Probe (Chrono Boost)  
  14  0:21  Pylon  
  14  0:24  Probe (Chrono Boost)  
  15  0:39  Probe (Chrono Boost)  
  16  0:45  Gateway  
  16  0:50  Gateway  
  16  0:52  Probe (Chrono Boost)  
  17  1:02  Probe (Chrono Boost)  
  18  1:12  Assimilator  
  18  1:13  Probe (Chrono Boost)  
  18  1:15  Assimilator  
  19  1:21  Pylon  
  19  1:23  Probe (Chrono Boost)  
  20  1:34  Probe (Chrono Boost)  
  21  1:45  Probe (Chrono Boost)  
  22  1:48  Cybernetics Core  
  22  1:52  Forge  
  22  1:55  Probe (Chrono Boost)  
  23  2:02  Zealot  
  23  2:06  Probe (Chrono Boost)  
  23  2:08  Zealot  
  28  2:18  Pylon  
  28  2:23  Pylon  
  28  2:36  Stalker x2  
  32  2:40  Warp Gate (Chrono Boost)  
  32  3:07  Nexus  
  32  3:13  Pylon  
  32  3:25  Photon Cannon  
  32  3:34  Photon Cannon  
  32  3:42  Photon Cannon  
  32  3:55  Photon Cannon  
  32  4:17  Robotics Facility  
  32  4:18  Robotics Facility  
  32  4:26  Probe  
  33  4:38  Probe  
  33  4:39  Probe  
  35  4:52  Probe  
  36  4:53  Photon Cannon  
  36  5:09  Robotics Bay  
  36  5:12  Twilight Council  
  32  5:56  Stalker x2  
  36  6:04  Photon Cannon  
  36  6:05  Probe  
  36  6:09  Colossus x2  
  49  6:16  Probe  
  49  6:17  Probe  
  51  6:26  Probe  
  51  6:29  Probe  
  51  6:30  Extended Thermal Lance (Chrono Boost)  
  53  6:37  Probe  
  54  6:41  Probe  
  54  6:42  Gateway  
  55  6:47  Probe  
  55  6:48  Gateway  
  55  6:52  Gateway  
  56  6:57  Gateway  
  56  7:02  Probe  
  56  7:07  Probe  
  57  7:12  Assimilator  
  57  7:14  Probe  
  59  7:16  Charge (Chrono Boost), Assimilator  
  59  7:17  Probe  
  60  7:32  Probe  
  61  7:37  Nexus  
  61  7:51  Stalker x2  
  61  7:52  Stalker  
  61  7:53  Stalker  
  69  8:06  Pylon  
  69  8:08  Pylon  
  69  8:11  Pylon  
  69  8:14  Pylon  
  69  8:15  Assimilator  
  69  8:20  Observer Gravitic Boosters, Assimilator  
  69  8:22  Pylon  
  69  8:23  Observer  
  69  8:25  Pylon  
  70  8:30  Colossus  
  76  8:37  Probe  
  77  8:47  Probe  
  77  8:55  Photon Cannon  
  78  8:57  Photon Cannon  
  78  8:58  Probe  
  78  9:00  Photon Cannon  
  79  9:05  Photon Cannon  
  79  9:08  Colossus  
  85  9:18  Blink (Chrono Boost)  
  85  9:24  Forge  
  85  9:26  Forge  
  85  9:45  Dark Shrine  
  85  9:46  Photon Cannon  
  85  9:48  Photon Cannon  
  85  9:55  Protoss Shields Level 1 (Chrono Boost), Pylon  
  85  9:57  Protoss Ground Armor Level 1 (Chrono Boost)  
  85  9:59  Protoss Ground Weapons Level 1 (Chrono Boost)  
  85  10:01  Gravitic Drive  
  85  10:11  Probe  
  85  10:12  Probe  
  85  10:13  Probe  
  88  10:25  Probe  
  88  10:27  Probe x2  
  91  10:37  Probe  
  91  10:38  Probe x2  
  94  10:59  Dark Templar x3  
  94  11:00  Dark Templar x2  
  94  11:02  Dark Templar  
  94  11:04  Nexus  
  106  11:34  Stalker x2  
  106  11:35  Stalker x3  
  106  11:37  Stalker  
  118  11:46  Pylon  
  118  11:47  Pylon  
  118  11:50  Pylon  
  118  11:52  Pylon  
  118  11:54  Protoss Shields Level 2 (Chrono Boost)  
  118  11:56  Protoss Ground Armor Level 2 (Chrono Boost), Protoss Ground Weapons Level 2 (Chrono Boost)  
  118  12:01  Pylon  
  118  12:03  Pylon  
  118  12:07  Assimilator  
  118  12:10  Assimilator  
  90  12:59  Stalker x3  
  90  13:00  Stalker x3  
  89  13:41  Nexus  
  89  13:48  Nexus  
  89  13:56  Colossus x2  
  101  14:07  Assimilator  
  100  14:34  Stalker x6  
  110  14:50  Colossus x2  
  88  15:23  Pylon  
  88  15:25  Pylon  
  88  15:27  Pylon  
  88  15:32  Probe  
  89  15:42  Stalker x4  
  95  15:43  Stalker x2, Probe  
  95  15:47  Colossus  
  95  15:48  Colossus  
  114  15:53  Probe  
  104  16:43  Stalker x6  
  64  17:09  Stalker x6  
  70  17:38  Stalker  
  70  17:39  Stalker x5  
  71  18:02  Dark Templar  
  71  18:03  Dark Templar x5  
  81  18:07  Archon  
  81  18:08  Archon x2  
  80  18:29  Assimilator  
  80  18:36  Stalker x6  
Show
View Real Time Build Order
Export as new Build Order

krzycho Terran 

Build Orders:  

Get SALT Encoding   

  12  0:01  SCV  
  13  0:13  SCV  
  14  0:25  SCV, Supply Depot  
  15  0:32  Refinery  
  15  0:47  SCV  
  15  0:49  Barracks  
  16  0:59  SCV  
  17  1:11  SCV  
  17  1:17  Barracks  
  18  1:23  SCV  
  19  1:31  Supply Depot  
  19  1:36  Reaper  
  20  1:42  Orbital Command  
  20  1:46  Refinery  
  20  2:04  Reaper  
  20  2:08  Reaper  
  22  2:14  Barracks  
  22  2:28  SCV  
  23  2:36  Reaper, Engineering Bay  
  24  2:40  SCV, Reaper  
  26  3:09  Barracks Reactor  
  26  3:11  Reaper  
  27  3:32  Reaper  
  28  3:43  Reaper  
  24  4:25  Reaper  
  24  4:26  Reaper  
  24  4:28  Barracks Tech Lab  
  24  4:29  Barracks Tech Lab  
  26  4:32  Terran Infantry Weapons Level 1  
  26  4:33  SCV  
  27  4:52  Combat Shields  
  27  4:55  Reaper  
  27  4:58  Reaper x2  
  30  5:01  Reaper  
  31  5:20  Barracks  
  31  5:42  Reaper  
  31  6:00  Reaper  
  23  7:02  Marine x4  
  23  7:06  Concussive Shells  
  27  7:08  Barracks Reactor  
  27  7:20  Marine x4  
  31  7:47  Terran Infantry Armor Level 1, Supply Depot  
  31  7:48  Supply Depot  
  31  7:49  Command Center  
  31  7:51  Stimpack  
  31  8:09  Marine x6  
  37  8:27  Marine x4  
  41  8:41  Sensor Tower  
  41  8:44  Marine x2  
  43  8:51  Sensor Tower  
  43  8:57  SCV  
  44  9:03  Marauder x2  
  44  9:09  SCV, Factory  
  49  9:17  Orbital Command  
  49  9:24  Marauder x2  
  51  9:55  Factory Reactor, Starport  
  51  9:59  Marine, Marauder  
  55  10:00  Marine x3, Marauder  
  59  10:09  Armory  
  59  10:17  Marine x2  
  59  10:18  Marine  
  62  10:42  Supply Depot  
  62  10:44  Supply Depot  
  62  10:46  Refinery  
  62  10:48  Supply Depot  
  62  11:04  SCV, Marine x4  
  67  11:13  Supply Depot  
  67  11:16  SCV  
  68  11:26  Factory Reactor  
  68  11:28  SCV  
  67  12:36  Marine x4  
  67  12:37  Marine x2  
  67  12:54  Marine x5  
  67  12:55  Marine  
  54  13:12  Marine x6  
  48  13:30  Marine x6  
  54  13:47  Marine x2  
  54  13:48  Marine x4  
  59  13:50  Terran Infantry Weapons Level 2  
  60  13:58  Engineering Bay  
  60  14:00  Medivac x2  
  64  14:05  Marine x3  
  64  14:06  Marauder x2, Marine  
  72  14:23  Marine x3  
  75  14:28  Marauder x2  
  75  14:30  Medivac x2  
  81  14:36  Marine  
  80  14:41  Marine x3  
  83  14:48  Marine  
  83  14:49  Marine  
  85  14:54  Marine  
  85  14:59  Marine x3  
  89  15:00  Medivac  
  89  15:06  Marine x2  
  93  15:12  Marine  
  94  15:19  Marine  
  94  16:20  Marine x2  
  94  16:21  Marine x3  
  49  16:37  Marine  
  49  16:39  Marine  
Show
View Real Time Build Order
Export as new Build Order

Blubbel Terran - Winner!

Build Orders:  

Get SALT Encoding   

  12  0:02  SCV  
  13  0:14  SCV  
  14  0:26  SCV  
  15  0:29  Supply Depot  
  15  0:38  Refinery  
  15  0:50  SCV  
  15  0:53  Barracks  
  16  1:02  SCV  
  17  1:14  SCV  
  18  1:27  SCV  
  19  1:40  SCV  
  19  1:43  Command Center  
  20  1:49  Factory  
  20  1:53  SCV  
  21  2:01  Supply Depot  
  21  2:05  SCV  
  21  2:08  Marine  
  23  2:19  Refinery  
  23  2:23  SCV  
  23  2:28  Marine  
  25  2:35  SCV  
  26  2:42  Starport, Widow Mine  
  28  2:47  SCV  
  29  2:56  Engineering Bay  
  29  2:59  SCV  
  29  3:04  Orbital Command  
  30  3:10  Marine  
  31  3:38  Marine  
  31  3:39  Medivac  
  34  3:41  Widow Mine  
  34  3:44  SCV  
  38  3:50  Orbital Command  
  36  3:57  SCV  
  26  4:09  SCV  
  27  4:16  SCV  
  28  4:21  SCV  
  29  4:28  SCV  
  30  4:33  SCV  
  30  4:37  Barracks Tech Lab  
  31  4:39  Factory Tech Lab  
  31  4:40  SCV  
  31  4:41  Starport Tech Lab  
  31  4:44  Missile Turret  
  31  4:45  SCV  
  33  4:52  SCV  
  34  4:56  Missile Turret  
  34  4:57  SCV  
  35  5:04  SCV  
  36  5:09  SCV  
  37  5:17  SCV  
  38  5:21  SCV  
  39  5:29  SCV  
  39  5:33  SCV  
  35  5:41  SCV  
  34  5:45  SCV  
  34  5:49  Armory  
  35  5:53  Marine  
  35  5:56  Medivac  
  36  6:03  Refinery  
  36  6:05  SCV, Refinery  
  36  6:07  SCV  
  36  6:11  Marine  
  38  6:12  Liberator  
  38  6:17  SCV  
  35  6:19  SCV  
  36  6:29  Marine  
  40  6:37  Engineering Bay  
  40  7:08  SCV  
  40  7:29  SCV  
  41  7:39  Drilling Claws  
  41  7:41  SCV  
  42  7:49  Barracks  
  42  7:53  SCV, Barracks  
  42  7:55  Terran Infantry Weapons Level 1  
  43  8:04  SCV  
  44  8:05  SCV  
  45  8:16  SCV  
  46  8:20  Supply Depot  
  46  8:26  Supply Depot  
  46  8:35  Supply Depot  
  46  8:40  Combat Shields  
  46  8:41  Widow Mine  
  46  8:42  SCV  
  46  8:43  Barracks  
  46  8:44  Barracks Reactor, Barracks Tech Lab  
  49  8:51  Barracks  
  49  8:54  SCV  
  50  8:56  Terran Infantry Armor Level 1  
  50  9:01  Liberator  
  50  9:06  SCV  
  51  9:10  Widow Mine  
  51  9:11  High Capacity Fuel Tanks  
  53  9:23  SCV  
  57  9:31  Command Center  
  57  9:38  Command Center, Widow Mine  
  59  10:03  Barracks  
  59  10:04  Barracks Reactor x2  
  59  10:07  Siege Tank  
  59  10:08  Marauder x2  
  59  10:10  Marine x2  
  68  10:14  Terran Infantry Weapons Level 2  
  68  10:16  Terran Vehicle Weapons Level 1  
  68  10:18  SCV  
  69  10:27  Marine  
  70  10:43  SCV, Marauder x2, Siege Tank, Marine x5  
  70  10:45  Supply Depot, Marine  
  84  10:50  Supply Depot  
  84  10:54  Supply Depot  
  84  11:00  Marine x5  
  84  11:03  Marine  
  90  11:05  Marauder x2  
  94  11:16  Supply Depot  
  94  11:18  Marine  
  94  11:21  Marine  
  94  11:24  Marine x5  
  101  11:25  Marine  
  101  11:26  Marauder  
  101  11:30  Supply Depot  
  104  11:36  Marine  
  104  11:38  Supply Depot  
  104  11:39  Marine  
  106  11:42  Marine x5  
  106  11:43  Marine  
  112  11:47  Marine  
  112  11:53  Supply Depot, Stimpack, Concussive Shells  
  111  11:54  Marine  
  111  11:56  Terran Infantry Armor Level 2  
  111  11:57  Marine  
  111  11:59  Marine  
  111  12:00  Supply Depot, Marine x2  
  116  12:01  Marine  
  116  12:05  Marauder  
  119  12:08  Medivac  
  121  12:15  Supply Depot  
  121  12:19  Marauder  
  121  12:22  Supply Depot  
  123  12:25  Missile Turret  
  123  12:27  Marauder  
  123  12:28  Refinery  
  125  12:38  Medivac  
  125  12:41  Marauder  
  129  12:46  Missile Turret  
  129  12:48  Marauder  
  112  13:08  Medivac  
  71  13:23  SCV  
  72  13:28  Marauder x2  
  72  13:29  Marine x6  
  72  13:30  Marine  
  72  13:34  Terran Infantry Weapons Level 3  
  83  13:35  SCV  
  84  13:44  Orbital Command  
  84  13:46  Marine  
  84  13:47  Marine x5  
  88  13:49  Marauder x2  
  88  13:53  Medivac  
  94  14:06  Marine x5  
  94  14:07  Marine x2  
  101  14:10  Marauder x2  
  101  14:13  Terran Infantry Armor Level 3  
  105  14:23  Medivac  
  105  14:24  Marine x2  
  105  14:32  Marauder x2, Marine x5  
  114  14:41  Marine  
  114  14:42  Marine  
  116  14:49  Marine x2  
  116  14:50  Marine x2  
  120  14:53  Marauder x2  
  123  15:14  Marauder  
  123  15:15  Marauder  
  80  15:33  Barracks Reactor  
  80  15:35  Marine x3  
  78  15:36  Marauder x2, Marine x3  
  78  15:39  SCV  
  89  15:51  SCV  
  89  15:53  Marine x4  
  89  15:54  SCV, Marine x2  
  97  15:57  Marauder x2  
  97  16:03  SCV  
  102  16:11  Marine x5  
  102  16:12  Marine  
  106  16:19  Marauder x2  
  93  16:29  Marine  
  68  16:40  Marauder x2  
  65  16:48  Marine x2  
  65  16:49  Marine x5  
  65  16:50  Marine  
  65  17:01  Marine x2  
  60  17:28  Marine x5  
  60  17:29  Marine x5  
  58  17:45  Marine  
  58  17:46  Marine x6  
  58  17:47  Marine x3  
  63  18:03  Marine x2  
  63  18:04  Marine x3  
  63  18:05  Marauder x2  
  72  18:13  Orbital Command  
  72  18:32  Marauder x2, Marine x3  
  79  18:45  Marine x5  
  84  18:50  Marine x2  
  84  18:53  Marauder x2  
  90  19:15  Marauder x2  
  74  19:29  Marine x6  
  80  19:36  Marauder x2  
  84  19:46  Marine  
  84  19:47  Marine x5  
  84  19:57  Marauder  
  84  19:58  Marauder  
  84  20:04  Marine x2  
Show
View Real Time Build Order
Export as new Build Order

zod Terran - Winner!

Build Orders: MMM Bio 

Get SALT Encoding   

  12  0:02  SCV  
  13  0:15  SCV  
  14  0:27  SCV  
  15  0:30  Supply Depot  
  15  0:51  SCV  
  15  0:52  Barracks  
  16  1:05  SCV  
  17  1:17  Command Center  
  17  1:20  SCV  
  18  1:27  Refinery  
  19  1:32  SCV  
  19  1:39  Supply Depot  
  19  1:42  Marine  
  20  1:48  SCV  
  21  2:00  SCV  
  22  2:02  Refinery  
  22  2:09  Barracks  
  22  2:15  Barracks Tech Lab  
  22  2:26  SCV  
  23  2:36  Orbital Command  
  23  2:39  Orbital Command  
  23  2:49  Marauder  
  23  2:50  Combat Shields  
  25  3:00  Factory  
  25  3:06  SCV x2  
  26  3:20  Reaper  
  26  3:21  Reaper  
  28  3:35  SCV x2  
  28  3:40  Refinery  
  30  3:46  Factory Tech Lab  
  30  3:47  SCV x2  
  30  3:48  Starport  
  32  4:03  SCV x2  
  32  4:09  Concussive Shells  
  34  4:14  Barracks Reactor  
  34  4:37  Factory Tech Lab, Barracks  
  34  4:41  SCV, Engineering Bay  
  34  4:42  SCV  
  36  4:47  Refinery  
  36  4:54  SCV x2  
  36  4:55  Stimpack  
  36  4:56  Cloaking Field  
  36  4:59  Siege Tank  
  41  5:06  Liberator  
  41  5:14  Supply Depot  
  41  5:15  Supply Depot  
  44  5:49  Marine x2  
  46  5:50  Marine  
  46  5:51  Marauder  
  46  5:55  Liberator  
  49  6:03  Siege Tank  
  52  6:07  Marine x3  
  55  6:12  Marauder  
  60  6:18  Armory  
  46  7:10  SCV x2  
  48  7:16  Terran Infantry Weapons Level 1, Supply Depot  
  48  7:22  SCV x2, Terran Ship Weapons Level 1, Liberator  
  50  7:34  SCV x2  
  52  7:39  Fusion Core  
  52  7:41  Siege Tank  
  58  7:46  SCV x2  
  60  7:58  SCV x2  
  62  8:10  SCV x2  
  64  8:22  SCV x2  
  64  8:23  Missile Turret  
  66  8:28  Missile Turret  
  66  8:34  SCV  
  66  8:35  SCV  
  66  8:39  Missile Turret  
  68  8:46  SCV  
  68  8:47  SCV  
  70  8:49  Sensor Tower  
  70  9:01  Starport, Missile Turret  
  70  9:03  Command Center  
  70  9:07  Supply Depot x2  
  70  9:10  Supply Depot  
  70  9:11  Supply Depot  
  70  9:12  Supply Depot  
  70  9:13  Supply Depot  
  70  9:25  Missile Turret  
  70  9:26  Terran Infantry Weapons Level 2  
  70  9:28  SCV x2, Battlecruiser, Marine x3  
  82  9:32  Supply Depot, Barracks Tech Lab  
  81  9:45  SCV x2  
  83  9:46  Marauder, Marine  
  86  9:53  Starport  
  86  9:54  Starport Tech Lab  
  86  9:57  SCV x2  
  88  10:08  Marauder  
  88  10:09  SCV x2  
  88  10:11  Refinery x2  
  92  10:15  Orbital Command  
  93  10:21  SCV x2  
  93  10:24  Battlecruiser  
  100  10:28  Terran Ship Weapons Level 2  
  100  10:31  Marine x2  
  100  10:32  Marine, Marauder  
  100  10:33  Battlecruiser, SCV  
  112  10:44  Advanced Ballistics  
  112  10:49  Marine x2  
  114  10:50  Marine  
  114  10:53  Marine  
  114  10:55  SCV x3  
  119  11:06  Marine  
  119  11:07  SCV x3, Marine, Starport Tech Lab  
  119  11:08  Marine  
  119  11:10  Marine  
  126  11:19  SCV x3  
  126  11:20  Supply Depot  
  126  11:23  Command Center  
  129  11:28  Battlecruiser  
  129  11:31  SCV x3  
  138  11:43  Supply Depot, SCV  
  139  11:49  SCV x2  
  141  11:55  SCV  
  141  12:00  Terran Infantry Weapons Level 3  
  142  12:05  Supply Depot  
  142  12:07  Command Center  
  142  12:08  Marine x2  
  142  12:09  Marauder x2  
  148  12:22  Supply Depot  
  148  12:23  Supply Depot  
  148  12:26  Marine x2  
  150  12:30  Marine  
  150  12:31  Marauder  
  139  12:44  Marine x2  
  139  12:45  Terran Vehicle Weapons Level 1  
  139  12:46  Supply Depot  
  139  12:48  Marine  
  139  12:51  Battlecruiser x3, Marine  
  127  13:02  Marine x2  
  129  13:06  Marine  
  130  13:30  Refinery  
  130  13:31  SCV  
  130  13:32  SCV x2  
  133  13:42  Missile Turret  
  133  13:53  Refinery, Marine  
  133  13:54  Marauder, Marine x2  
  133  13:55  Battlecruiser x2  
  150  13:56  Battlecruiser  
  156  14:03  Refinery, Missile Turret  
  156  14:14  Marine  
  156  14:15  Marine x2  
  156  14:16  Marauder  
  161  14:21  Weapon Refit  
  161  14:22  Refinery  
  161  14:24  Missile Turret  
  161  14:32  Marine x2  
  161  14:33  Marauder  
  161  14:37  Terran Infantry Armor Level 1, Marauder  
  167  14:39  Terran Vehicle And Ship Armor Level 1  
  167  14:50  Marine x2  
  169  14:54  Marine  
  169  14:58  Marine  
  169  14:59  Battlecruiser  
  183  15:00  Battlecruiser  
  183  15:04  Behemoth Reactor  
  183  15:06  Battlecruiser  
  187  15:08  Marine x2  
  187  15:12  Marine  
  174  15:16  Marine  
  175  15:26  Planetary Fortress, Marine  
  176  15:29  Orbital Command  
  176  15:30  Marauder  
  178  15:45  Starport  
  178  15:47  Starport  
  178  16:04  Battlecruiser  
  184  16:08  SCV x3  
  184  16:09  SCV x2  
  189  16:31  Hi-Sec Auto Tracking  
  174  17:11  Marine x4  
  184  17:15  Battlecruiser  
  184  17:16  Starport Tech Lab  
  181  17:24  Battlecruiser x2  
  181  17:28  Marine  
  181  17:29  Marine x3  
  197  17:31  Starport Tech Lab  
  194  17:46  Marine  
  194  17:47  Marine x3  
  186  18:04  Marine x3  
  190  18:20  Battlecruiser  
  190  18:28  Battlecruiser  
  196  18:43  Command Center  
  196  18:54  Command Center  
  196  19:21  Refinery  
Tags
 
Add a new tag
Caveats
  • Supply blocks, unpowered buildings, or Contaminate may cause inaccurate times.
  • Supply counts are checked every 10 seconds.